 Dungeon Crawl Stone Soup version 0.30-a0-721-ga6a225cb13 (webtiles) character file.

Game seed: 6514724739167056430

4611 kae the Transmogrifier (level 10, -6/84 (87) HPs)
             Began as a Demonspawn Transmuter on Jan 27, 2023.
             Was a Believer of Hepliaklqana.
             Mangled by a wight
             ... wielding a +4 flail
              (11 damage)
             ... on level 8 of the Dungeon.
             The game lasted 00:10:17 (9338 turns).

kae the Transmogrifier (Demonspawn Transmuter)      Turns: 9338, Time: 00:10:18

HP:   -6/84 (87)    AC: 25    Str: 12    XL:     10   Next: 19%
MP:   18/19         EV:  2    Int: 17    God:    Hepliaklqana [**....]
Gold: 491           SH:  0    Dex: 14    Spells: 11/21 levels left

rFire   . . .      SeeInvis .      - Unarmed
rCold   + . .      Faith    .    (no shield)
rNeg    + . .      Spirit   .    (body armour currently unavailable)
rPois   +          Reflect  .    (helmet currently unavailable)
rElec   .          Harm     .    (cloak currently unavailable)
rCorr   .          Rampage  .    (gloves currently unavailable)
Will    .....      NoTele   +    (boots currently unavailable)
Stlth   +                        (no amulet)
HPRegen 2.34/turn                C - ring of protection from cold
MPRegen 0.16/turn                N - ring of positive energy

@: tree-form (expiring), marked, on berserk cooldown, slowed, lightly drained,
very slow
A: stationary, stasis, torment immunity, boosted hp, reduced essence, foul
stench 1, powered by death 1, (weakness stinger 2)
a: Renounce Religion, Recall Ancestor, Ancestor Identity


You were on level 8 of the Dungeon.
You worshipped Hepliaklqana.
Hepliaklqana was pleased with you.
You were a tree.
You visited 2 branches of the dungeon, and saw 9 of its levels.
You also visited: Sewer.

You collected 491 gold pieces.


Innate Abilities, Weirdness & Mutations

You are a tree.
Your roots penetrate the ground, keeping you stationary.
You cannot be teleported.
You are immune to unholy pain and torment.
Your maximum health is greatly increased.
Your equipment is partially melded.
Your life essence is reduced to manifest your ancestor. (-10% HP)
You may rarely emit foul miasma when damaged in melee.
You regenerate a little health from kills.
((You have a tail ending in a sharp stinger.))


   Skills:
 - Level 1.0 Fighting
 - Level 1.7 Dodging
 + Level 6.4 Unarmed Combat
 + Level 6.0 Spellcasting
 * Level 8.4 Transmutations
 - Level 7.0 Ice Magic
 - Level 2.0 Poison Magic


You had 11 spell levels left.
You knew the following spells:

 Your Spells              Type           Power      Damage    Failure   Level
a - Beastly Appendage     Tmut           66%        N/A       1%          1
b - Wereblood             Tmut           33%        N/A       1%          2
c - Spider Form           Tmut/Pois      22%        N/A       4%          3
d - Ice Form              Ice/Tmut       31%        N/A       5%          4

Your spell library contained the following spells:

 Spells                   Type           Power      Damage    Failure   Level
 Necrotise                Necr           20%        1d5       13%         1
 Blink                    Tloc           10%        N/A       19%         2
 Lesser Beckoning         Tloc           10%        N/A       19%         2
 Momentum Strike          Conj/Tloc      10%        3d8       19%         2
 Vampiric Draining        Necr           5%         2d6       36%         3
 Agony                    Necr           5%         N/A       98%         5

Inventory:

Missiles
 d - 46 stones
 l - 6 poisoned darts
 x - 3 boomerangs
Armour
 a - a +1 robe (melded)
Magical Staves
 q - a staff of fire {!a}
   (You found it on level 4 of the Dungeon)
Jewellery
 C - a ring of protection from cold (left branch)
   (You found it on level 3 of the Dungeon)
 N - a ring of positive energy (right branch)
   (You found it on level 5 of the Dungeon)
Wands
 p - a wand of flame (20)
   (You took it off Grinder on level 5 of the Dungeon)
Scrolls
 i - a scroll of enchant armour
 o - a scroll of immolation {!r!r}
 t - 2 scrolls of teleportation {@r4}
 u - a scroll of enchant weapon
 z - 2 scrolls of brand weapon
Potions
 b - a potion of lignification {!q}
 c - 2 potions of mutation {!q}
 e - a potion of magic {unknown}
 f - 3 potions of attraction {!q}
 g - 3 potions of haste {@q3}
 h - 4 potions of brilliance
 j - 2 potions of curing {@q1}
 k - a potion of berserk rage {!q}
 m - a potion of resistance
 n - a potion of ambrosia
 s - 5 potions of might

Dungeon Overview and Level Annotations

Branches:
Dungeon (8/15) Zot: 26748  Temple (1/1) D:4 Zot: 5847   Sewer (visited)
   Lair: D:8-11

Altars:
Ashenzari
Cheibriados
Dithmenos
Fedhas
Gozag
Hepliaklqana
Makhleb
Nemelex Xobeh
Okawaru
Qazlal
Ru
Sif Muna
Uskayaw
Vehumet
Wu Jian

Annotations:
D:4 exclusion: upstairs

........###......###
...#......#.l>...#####
.........####........#....
...[....###...............
c......................##.
......................###.
...... ###..............)
......####ā€
..<............
.......#zā™£ā€
..##......####.
#zoz###.##...#### #.
#...o{### #..#))## ##
#...#. ##....# ...# #.
##...# ## .. ............#
## ............#
#..)........#
##..........#


You could see a basilisk, 3 wights, an orc priest and an orc.


Message History

A wight comes into view. It is wielding a +2 mace.
The wyvern bites you.
* * * LOW HITPOINT WARNING * * *
šŸ˜± HP[-8]
You take 8 damage, and now have 11/130 hp.
You pummel the killer bee!!
You kill the killer bee!
You feel sick.
The killer bee stings you but does no damage.
The wyvern bites you but does no damage.
The killer bee stings you but does no damage.
You cannot move.
Unknown command.
You cannot move.
You barely miss the killer bee.
You feel sick.
The killer bee stings you but does no damage.
The wyvern bites you but does no damage.
You barely miss the killer bee. You punch the killer bee!
The killer bee stings you.
* * * LOW HITPOINT WARNING * * *
A wight comes into view.
It is wielding a +0 great sword. šŸ˜± HP[-3]
You take 3 damage, and now have 8/130 hp.
You closely miss the killer bee. You punch the killer bee.
You kill the killer bee!
You feel sick.
You are no longer poisoned.
The wyvern bites you but does no damage. šŸ˜± HP[+1] Unknown command.
You hit the wyvern.
The wyvern bites you but does no damage.
The wight hits you but does no damage. šŸ˜± HP[+1]
You barely miss the wyvern. You punch the wyvern.
The wyvern bites you but does no damage.
An orc priest comes into view. It is wielding a +0 whip.
The wight hits you with a +4 flail!
* * * LOW HITPOINT WARNING * * *
You partially resist.
You feel drained.
* * * LOW HITPOINT WARNING * * *
šŸ˜± HP[-9]
You now have 126 max hp (-4).
You take 9 damage, and now have 1/126 hp.
You smack the wyvern!
You punch the wyvern.
The wyvern barely misses you. šŸ˜± HP[+2]
You regained 2 hp, and now have 3/126 hp.
Unknown command.
You barely miss the wyvern.
The wight barely misses you. šŸ˜± HP[+1] MP[+1] Unknown command.
You smack the wyvern!
You kill the wyvern!
Your life force feels restored.
Your Spellcasting skill increases to level 6! šŸ˜± HP[+1]
You now have 130 max hp (+4).
Unknown command.
You hit the wight.
You are no longer berserk.
You are exhausted.
You feel yourself slow down.
An orc wizard comes into view. It is wielding a +0 dagger.
The wight hits you but does no damage.
You now have 87 max hp (-43).
Unknown command.
You feel better.
The wight hits you but does no damage. x2 šŸ˜± HP[+11]
You regained 11 hp, and now have 16/87 hp.
You completely miss the wight.
The wight hits you but does no damage. x2
The orc wizard gestures wildly while chanting.
The orc wizard flickers and vanishes!
Deactivating autopickup; reactivate with Ctrl-A.
An orc comes into view.
It is wielding a +0 trident. šŸ˜± HP[+5]
You regained 5 hp, and now have 21/87 hp.
You hit the wight but do no damage. The wight hits you with a +2 mace.
* * * LOW HITPOINT WARNING * * *
You partially resist.
You feel drained. The wight hits you with a +4 flail.
* * * LOW HITPOINT WARNING * * *
The wight hits you with a +2 mace.
* * * LOW HITPOINT WARNING * * *
You partially resist.
You feel drained.
A basilisk comes into view.
The orc priest calls down the wrath of Beogh upon you.
Beogh smites you!
* * * LOW HITPOINT WARNING * * *
The wight hits you but does no damage. šŸ˜± HP[-19]
You now have 84 max hp (-3).
You take 19 damage, and now have 2/84 hp.
MASSIVE DAMAGE!! (PAUSE)
You hit the wight but do no damage.
Your transformation is almost over.
The wight hits you with a +4 flail!
You die...

Skill      XL: |  1  2  3  4  5  6  7  8  9 10 |
---------------+-------------------------------+-----
Transmutations | 2 3 4 5 6 8 |  8.4
Unarmed Combat | 3 4 5 6 |  6.4
Poison Magic   | 1 2 |  2.0
Spellcasting   | 3 4 5 6 |  6.0
Ice Magic      | 1 3 5 6 7 |  7.0
Fighting       | |  1.0
Dodging        | |  1.7

Action                     |  1- 3 |  4- 6 |  7- 9 | 10-12 || total
---------------------------+-------+-------+-------+-------++-------
  Melee: Unarmed           |    86 |   157 |   313 |    35 ||   591
         Kick              |    18 |    15 |     7 |       ||    40
         Headbutt          |    10 |     3 |     2 |       ||    15
         Tailslap          |     5 |     3 |     3 |       ||    11
         Punch             |     1 |     1 |     2 |     4 ||     8
   Cast: Beastly Appendage |    15 |    16 |     2 |       ||    33
         Spider Form       |     1 |    22 |    18 |       ||    41
         Wereblood         |       |     1 |     3 |       ||     4
         Ice Form          |       |       |    24 |     4 ||    28
 Invoke: Ancestor Life: He |       |       |     1 |       ||     1
    Use: Scroll            |     4 |     3 |    10 |     4 ||    21
         Potion            |       |     1 |     2 |     4 ||     7
   Stab: Sleeping          |     2 |     1 |     1 |       ||     4
         Distracted        |       |     1 |     1 |       ||     2
         Confused          |       |       |     1 |       ||     1
 Armour: Robe              |    23 |    15 |     4 |     4 ||    46
         Skin              |       |     6 |    51 |    72 ||   129
  Dodge: Dodged            |    55 |   125 |   164 |    16 ||   360

Levels and vault maps discovered:
D:1:      elethiomel_arrival_infinity_welcomes_careful_drivers,
          layout_loops_ring
D:2:      cheibrodos_helix_gallery, layout_basic, serial_bayou,
          serial_bayou_crossing, serial_bayou_lagoon_b, serial_bayou_shore_b,
          serial_bayou_lagoon_a, basic_altar, minmay_misc_feat_ornament,
          minmay_tromino_mix6, uniq_terence
D:3:      layout_rooms, okawaru_trees_2, amcnicky_altar_gilded,
          nicolae_overflow_ecumenical_swirl, minmay_box_of_dots
D:4:      layout_loops_corners, minmay_temple_entry_junction_2
D:5:      layout_cave_pods, slow_altar_1, uniq_grinder
D:6:      layout_basic, mainiacjoe_overflow_paths,
          nicolae_elyvilon_peaceful_grove, kennysheep_mini, minitemple,
          gup_sewer_entry_pipe, ebering_ghost_reflecting_pool, uniq_duvessa,
          uniq_maggie
D:7:      layout_basic, nicolae_overflow_crystal_walls,
          mainiacjoe_overflow_alcove_2, minmay_guarded_unrand_finisher,
          uniq_prince_ribbit1, uniq_joseph
D:8:      layout_rooms, erik_lair_dragon
Temple:   hellmonk_temple_beads

Notes
Turn   | Place    | Note
-------+----------+-------------------------------------------
     0 | D:1      | kae the Demonspawn Transmuter began the quest for the Orb.
     0 | D:1      | Reached XP level 1. HP: 15/15 MP: 3/3
     0 | D:1      | magus.rc [v1.11.3]
    93 | D:1      | Reached skill level 2 in Transmutations
   160 | D:1      | Gained mutation: You have a small tail. [demonic ancestry]
   160 | D:1      | Reached XP level 2. HP: 14/21 MP: 3/5
   341 | D:1      | You pick up a book of Necromancy and begin reading...
   341 | D:1      | You add the spells Necrotise, Vampiric Draining and Agony
                  | to your library.
   439 | D:1      | Reached skill level 3 in Unarmed Combat
   636 | D:1      | Reached XP level 3. HP: 24/26 MP: 6/6
   639 | D:1      | Learned a level 2 spell: Wereblood
   643 | D:1      | Learned a level 3 spell: Spider Form
   663 | D:1      | You fall into a shaft and drop 1 floor!
  1002 | D:2      | Noticed Terence
  1009 | D:2      | HP: 6/26 [Terence/+0 mace (6)]
  1011 | D:2      | HP: 1/26 [Terence/+0 mace (6)]
  1013 | D:2      | Killed Terence
  1014 | D:2      | Reached skill level 1 in Poison Magic
  1014 | D:2      | Gained mutation: You have a tail ending in a sharp stinger.
                  | [demonic ancestry]
  1014 | D:2      | Reached XP level 4. HP: 1/32 MP: 4/7
  1275 | D:2      | Reached skill level 3 in Transmutations
  1332 | D:2      | Found a hazy altar of Hepliaklqana.
  1335 | D:2      | Identified the +1 rapier "Xihis" {flame, rC+ rN+ Dex+4}
  1474 | D:2      | HP: 5/32 [adder (4)]
  1492 | D:2      | HP: 8/32 [poisoned by an adder]
  1756 | D:3      | Noticed an ogre
  1830 | D:2      | Reached skill level 2 in Poison Magic
  1830 | D:2      | Gained mutation: You may rarely emit foul miasma when
                  | damaged in melee. [demonic ancestry]
  1830 | D:2      | Reached XP level 5. HP: 12/37 MP: 3/9
  2030 | D:3      | HP: 6/37 [gnoll/+0 halberd[a gnoll bouda] (7)]
  2323 | D:3      | Reached skill level 3 in Spellcasting
  2333 | D:3      | Found an iron altar of Okawaru.
  2622 | D:3      | Found a sparkling altar of Nemelex Xobeh.
  2635 | D:3      | Killed an ogre
  2636 | D:3      | Reached skill level 4 in Transmutations
  2636 | D:3      | Reached XP level 6. HP: 43/43 MP: 6/10
  2657 | D:3      | Learned a level 4 spell: Ice Form
  2988 | D:3      | Found a faded altar of an unknown god.
  2999 | D:3      | Found a burning altar of Makhleb.
  3042 | D:3      | Reached skill level 4 in Unarmed Combat
  3042 | D:3      | Reached skill level 1 in Ice Magic
  3528 | D:4      | Reached XP level 7. HP: 39/48 MP: 8/12
  3632 | D:4      | Found a staircase to the Ecumenical Temple.
  3653 | Temple   | Entered the Ecumenical Temple
  3774 | Temple   | Became a worshipper of Hepliaklqana the Forgotten
  4157 | D:4      | You pick up a book of Spatial Translocations and begin
                  | reading...
  4157 | D:4      | You add the spells Blink, Momentum Strike and Lesser
                  | Beckoning to your library.
  4367 | D:4      | Reached skill level 2 in Ice Magic
  4564 | D:5      | Entered Level 5 of the Dungeon
  4622 | D:5      | Reached skill level 5 in Transmutations
  4744 | D:5      | Found a snail-covered altar of Cheibriados.
  4907 | D:5      | Reached skill level 4 in Spellcasting
  4907 | D:5      | Reached skill level 3 in Ice Magic
  5044 | D:5      | Reached XP level 8. HP: 51/54 MP: 11/14
  5125 | D:5      | Noticed Grinder
  5137 | D:5      | Paralysed by Grinder for 5 turns
  5148 | D:5      | Killed Grinder
  5313 | D:5      | Reached skill level 6 in Transmutations
  5315 | D:5      | Identified the +1 mace "Orb Guardian's Bane" {heavy, rF+
                  | rN+ MP+9 Str+2}
  5367 | D:5      | Reached skill level 4 in Ice Magic
  5733 | D:6      | HP: 13/54 [iguana (7)]
  5734 | D:6      | HP: 6/54 [iguana (5)]
  5835 | D:6      | Found a glowing drain.
  5840 | D:6      | Reached skill level 5 in Unarmed Combat
  5850 | Sewer    | Entered a sewer
  6085 | Sewer    | Reached * piety under Hepliaklqana
  6182 | Sewer    | Found a viscous altar of Jiyva.
  6456 | D:6      | Noticed Maggie
  6471 | D:6      | Killed Maggie
  6472 | D:6      | Reached skill level 5 in Ice Magic
  6472 | D:6      | Reached XP level 9. HP: 52/53 MP: 12/16
  6795 | D:6      | Found a runed translucent door.
  6815 | D:6      | Noticed Duvessa
  6816 | D:6      | Noticed Dowan
  6833 | D:6      | Killed Duvessa
  6840 | D:6      | Reached skill level 5 in Spellcasting
  6843 | D:6      | Reached skill level 7 in Transmutations
  6844 | D:6      | Killed Dowan
  6923 | D:6      | Found a radiant altar of Vehumet.
  6997 | D:6      | Found a blossoming altar of Fedhas.
  7479 | D:6      | Found a shadowy altar of Dithmenos.
  7508 | D:6      | Noticed MoonlitKnight's ghost (novice HOMo)
  7526 | D:6      | Killed MoonlitKnight's ghost
  7749 | D:7      | Reached skill level 6 in Ice Magic
  8129 | D:7      | Reached skill level 6 in Unarmed Combat
  8237 | D:7      | Noticed Prince Ribbit
  8268 | D:7      | Killed Prince Ribbit
  8269 | D:7      | Reached skill level 8 in Transmutations
  8433 | D:7      | Found a hide-covered altar of Uskayaw.
  8560 | D:7      | Reached ** piety under Hepliaklqana
  8561 | D:7      | Remembered your ancestor Kenrick as a hexer
  8622 | D:7      | Noticed Joseph
  8647 | D:7      | Killed Joseph
  8648 | D:7      | Gained mutation: You regenerate a little health from kills.
                  | [demonic ancestry]
  8648 | D:7      | Reached XP level 10. HP: 31/58 MP: 16/18
  8868 | D:7      | Noticed a skeletal warrior
  8868 | D:7      | Found the +5 scythe "Finisher" {speed, eviscerate}
  8876 | D:7      | HP: 2/69 [skeletal warrior/+0 dire flail (20)]
  9311 | D:8      | HP: 17/69 [killer bee (4)]
  9316 | D:8      | HP: 27/130 [centaur (2)]
  9321 | D:8      | HP: 25/130 [poisoned by a killer bee]
  9324 | D:8      | Reached skill level 7 in Ice Magic
  9324 | D:8      | HP: 11/130 [wyvern (5)]
  9330 | D:8      | HP: 3/130 [wight/+4 flail (8)]
  9330 | D:8      | HP: 1/126 [wight/+4 flail (2)]
  9334 | D:8      | Reached skill level 6 in Spellcasting
  9337 | D:8      | HP: 20/85 [wight/+4 flail (3)]
  9337 | D:8      | HP: 2/84 [orc priest/divine providence (17)]
  9338 | D:8      | Mangled by a wight

Vanquished Creatures
  Joseph (D:7)
  Maggie (D:6)
  Grinder (D:5)
  Prince Ribbit (D:7)
  A wyvern (D:8)
  2 water moccasins
  Duvessa (D:6)
  3 ice beasts
  A black bear (D:3)
  4 sky beasts
  An ogre (D:3)
  2 centaurs
  A gnoll sergeant (D:7)
  6 scorpions
  2 necrophages
  Dowan (D:6)
  5 killer bees (D:8)
  A howler monkey (D:5)
  A hound (D:5)
  3 jellies
  3 orc priests
  A gnoll bouda (D:2)
  Terence (D:2)
  3 iguanas
  An orc wizard (D:3)
  A mummy (D:5)
  12 gnolls
  12 adders
  2 river rats (Sewer)
  2 shadow imps
  An ufetubus (D:6)
  4 worms
  17 orcs
  7 ball pythons
  11 bats
  16 endoplasms
  11 giant cockroaches
  5 goblins
  8 hobgoblins
  2 jackals (D:3)
  5 kobolds
  7 quokkas
  5 frilled lizards
  5 rats
181 creatures vanquished.

Vanquished Creatures (collateral kills)
  The ghost of MoonlitKnight the Cleaver, a novice HOMo (D:6)
  A centaur (D:8)
  A necrophage (D:6)
  A hound (D:6)
  2 jellies
  An orc wizard (D:8)
  A worm (Sewer)
  2 endoplasms (Sewer)
  A quokka (D:6)
  A ball python (Sewer)
  2 frilled lizards (Sewer)
  2 rats (Sewer)
16 creatures vanquished.

Vanquished Creatures (others)
  2 hexers
  35 plants (D:2)
37 creatures vanquished.

Grand Total: 234 creatures vanquished

Table legend:
 A = Non-vault XP
 B = Vault XP
 C = Vault XP percentage of total XP
 D = Non-vault monster count
 E = Vault monster count
 F = Vault count percentage of total count
                 A         B        C        D         E       F
            +---------+---------+-------+---------+---------+-------
      Total |    4189 |    2399 |  36.4 |     140 |      57 |  28.9
            +---------+---------+-------+---------+---------+-------
        D:1 |      42 |       0 |   0.0 |      24 |       0 |   0.0
        D:2 |     132 |      62 |  32.0 |      14 |       7 |  33.3
        D:3 |     444 |      15 |   3.3 |      32 |       2 |   5.9
        D:4 |     239 |       0 |   0.0 |      14 |       0 |   0.0
        D:5 |     762 |     299 |  28.2 |      10 |       2 |  16.7
        D:6 |     868 |    1079 |  55.4 |      15 |      11 |  42.3
        D:7 |     904 |     735 |  44.8 |      19 |       2 |   9.5
        D:8 |     798 |       0 |   0.0 |      12 |       0 |   0.0
      Sewer |       0 |     209 | 100.0 |       0 |      33 | 100.0
            +---------+---------+-------+---------+---------+-------

Illustrated notes

Table legend:
 A = Kills in this place as a percentage of kills in entire the game.
 B = Kills by you in this place as a percentage of kills by you in the entire game.
 C = Kills by friends in this place as a percentage of kills by friends in the entire game.
 D = Other kills in this place as a percentage of other kills in the entire game.
 E = Experience gained in this place as a percentage of experience gained in the entire game.
 F = Experience gained in this place divided by the number of levels of this place that you have seen.
                   A       B       C       D       E      F
               +-------+-------+-------+-------+-------+----------------------
         Total | 100.0 | 100.0 | 100.0 |   N/A | 100.0 | 658.8
       Dungeon |  83.2 |  86.7 |  43.8 |   N/A |  96.8 | 797.4
         Sewer |  16.8 |  13.3 |  56.2 |   N/A |   3.2 | 209.0
               +-------+-------+-------+-------+-------+----------------------

Table legend: (Time is in decaauts)
 A = Elapsed time spent in this place.
 B = Non-inter-level travel time spent in this place.
 C = Inter-level travel time spent in this place.
 D = Time resting spent in this place.
 E = Time spent auto-exploring this place.
 F = Levels seen in this place.
 G = Mean time per level.
                   A        B        C        D        E       F      G
               +--------+--------+--------+--------+--------+-----+--------+
         Total |   9352 |   8997 |    355 |    496 |   6798 |  10 |  935.2 |
       Dungeon |   8675 |   8372 |    303 |    496 |   6362 |   8 | 1084.4 |
        Temple |    152 |    100 |     52 |      0 |     91 |   1 |  152.0 |
         Sewer |    524 |    524 |      0 |      0 |    345 |   1 |  524.0 |
               +--------+--------+--------+--------+--------+-----+--------+

Top non-repeatable levels by time:
     D:2: 1486 daAuts
     D:6: 1471 daAuts
     D:7: 1392 daAuts
     D:3: 1152 daAuts
     D:4: 1140 daAuts
     D:5: 1122 daAuts
     D:1: 660 daAuts
   Sewer: 524 daAuts
     D:8: 249 daAuts
  Temple: 152 daAuts
